 Dungeon Crawl Stone Soup version 0.31.0-9-g3a7656b989 (webtiles) character file.

Game seed: 4785814494118542547

35 qw the Shooter (level 3, -2/20 HPs)
             Began as a Deep Elf Hunter on Feb 2, 2024.
             Slain by Sigmund
             ... wielding a +0 scythe
              (9 damage)
             ... on level 2 of the Dungeon.
             The game lasted 00:00:02 (724 turns).

qw the Shooter (Deep Elf Hunter)                     Turns: 724, Time: 00:00:03

Health: -2/20      AC:  3    Str: 10    XL:     3   Next: 17%
Magic:  5/5        EV: 12    Int: 13    God:
Gold:   45         SH:  0    Dex: 18    Spells: 2/2 levels left

rFire   . . .        d - +1 arbalest (drain)
rCold   . . .        (shield currently unavailable)
rNeg    . . .        c - +0 leather armour
rPois   .            (no helmet)
rElec   .            (no cloak)
rCorr   .            (no gloves)
SInv    .            (no boots)
Will    .....        (no amulet)
Stlth   ++           (no ring)
HPRegen 0.23/turn    (no ring)
MPRegen 0.09/turn

%: no passive effects
@: no status effects
A: no striking features
a: no special abilities


You were on level 2 of the Dungeon.
You visited 1 branch of the dungeon, and saw 2 of its levels.

You collected 45 gold pieces.


   Skills:
 - Level 1.5 Fighting
 + Level 6.8 Ranged Weapons
 - Level 2.4 Dodging
 - Level 1.2 Stealth


You had 2 spell levels left.
You didn't know any spells.
Your spell library was empty.

Inventory:

Hand Weapons
 d - a +1 arbalest of draining (weapon)
Armour
 c - a +0 leather armour (worn)

Dungeon Overview and Level Annotations

Branches:
Dungeon (2/15)

Altars:

Annotations:
D:2 Sigmund


Message History

You shoot a bolt.
An endoplasm comes into view.
You are confused.
715 ||| DRINKING fuming pink potion.
It was a potion of enlightenment.
You feel very buoyant.
You fly up into the air.
The endoplasm quivers.
A puff of flame appears from out of thin air!
The puff of flame misses you.
716 ||| DRINKING fizzy red potion.
It was a potion of lignification.
You turn into a tree.
Your +0 leather armour melds into your body.
Your roots penetrate the ground.
A giant cockroach comes into view.
717 ||| DRINKING sedimented amethyst potion.
It was a potion of cancellation.
Your magical effects are unravelling.
You feel magically purged.
You feel less wooden.
Your +0 leather armour unmelds from your body.
You feel less confused.
Your enlightenment fades.
You shoot a bolt.
The bolt completely misses the endoplasm.
You shoot a bolt. The bolt hits the endoplasm!!
You kill the endoplasm!
Something completely misses you.
You shoot a bolt.
The bolt barely misses the giant cockroach.
Something hits you but does no damage.
You shoot a bolt. The bolt hits the giant cockroach!
You kill the giant cockroach!
Something hits you but does no damage.
You shoot a bolt. Something hits you!
Ouch! That really hurt!
You shoot a bolt. Something hits you.
You shoot a bolt. Something hits you!
You die...

...........#
#...#...##
###.....#
#####....#.# . #
####.......##.#
.#:##.
##....####.###.#
.. ... ##..####
#.# #.#
...##.###..####
#.# #.##
#........@....#
#.# #...
#.......%....#
#.# #...
####..{......#
#.# #...
#.........#
..###...
#............
........
...!........!..
.>.....
#................
.......
...##............
....%.. #.#
#.###.####..
.......


There were no monsters in sight!

Vanquished Creatures
  A ribbon worm (D:2)
  5 endoplasms
  3 giant cockroaches
  3 goblins (D:1)
  2 hobgoblins (D:1)
  4 kobolds (D:1)
  A quokka (D:1)
  4 ball pythons (D:1)
  4 bats (D:1)
  A frilled lizard (D:1)
  2 rats
30 creatures vanquished.

Notes
Turn   | Place    | Note
-------+----------+-------------------------------------------
     0 | D:1      | qw the Deep Elf Hunter began the quest for the Orb.
     0 | D:1      | Reached XP level 1. HP: 12/12 MP: 3/3
     0 | D:1      | 0 ||| qw: Version: 0.3-a-155-g5e7d8dd
     0 | D:1      | 0 ||| qw: Game counter: 2747
     0 | D:1      | 0 ||| qw: Melee chars always use a shield: true
     0 | D:1      | 0 ||| qw: God list: Okawaru
     0 | D:1      | 0 ||| qw: Allow faded altars: false
     0 | D:1      | 0 ||| qw: Do Orc after clearing Dungeon:15 true
     0 | D:1      | 0 ||| qw: Do second Lair branch before Depths: true
     0 | D:1      | 0 ||| qw: Lair rune preference: random
     0 | D:1      | 0 ||| qw: Goals: Normal
     0 | D:1      | 0 ||| PLANNING D:1-11
    64 | D:1      | Found a faded altar of an unknown god.
    64 | D:1      | Noticed a reaper
   131 | D:1      | Reached skill level 6 in Ranged Weapons
   131 | D:1      | Reached XP level 2. HP: 14/16 MP: 4/4
   472 | D:1      | Reached XP level 3. HP: 20/20 MP: 5/5
   636 | D:1      | 636 ||| READING scroll labelled QISHIE JUPRIL.
   639 | D:1      | 639 ||| READING scroll labelled YCWYAL RUKUBA.
   639 | D:1      | Identified a scroll of acquirement
   639 | D:1      | 639 ||| ACQUIRING +1 arbalest of draining
   639 | D:1      | Acquired a +1 arbalest of draining
   641 | D:1      | 641 ||| SWAPPING to +1 arbalest of draining.
   642 | D:1      | 642 ||| DROPPING +0 shortbow.
   643 | D:1      | 643 ||| DROPPING scroll of butterflies.
   710 | D:2      | Noticed Sigmund
   712 | D:2      | 712 ||| FLEEEEING.
   713 | D:2      | 713 ||| FLEEEEING.
   715 | D:2      | 715 ||| DRINKING fuming pink potion.
   716 | D:2      | 716 ||| DRINKING fizzy red potion.
   717 | D:2      | 717 ||| DRINKING sedimented amethyst potion.
   724 | D:2      | Slain by Sigmund

Levels and vault maps discovered:
D:1:      eino_arrival_water_star, layout_loops_ring,
          dreamdust_ecumenical_altar_sealed_demon
D:2:      layout_rooms, basic_altar, uniq_sigmund

Skill      XL: |  1 |
---------------+----+-----
Ranged Weapons | 6 |  6.8
Fighting       | |  1.5
Dodging        | |  2.4
Stealth        | |  1.2

Action                     || total
---------------------------++-------
   Fire: Shortbow          ||    57
         Arbalest          ||    11
    Use: Potion            ||     3
         Scroll            ||     2
 Armour: Leather armour    ||    15
  Dodge: Dodged            ||    16

Table legend:
 A = Non-vault XP
 B = Vault XP
 C = Vault XP percentage of total XP
 D = Non-vault monster count
 E = Vault monster count
 F = Vault count percentage of total count
                 A         B        C        D         E       F
            +---------+---------+-------+---------+---------+-------
      Total |      51 |       0 |   0.0 |      30 |       0 |   0.0
            +---------+---------+-------+---------+---------+-------
        D:1 |      42 |       0 |   0.0 |      26 |       0 |   0.0
        D:2 |       9 |       0 |   0.0 |       4 |       0 |   0.0
            +---------+---------+-------+---------+---------+-------
